 Dungeon Crawl Stone Soup version 0.27.1-1-g398f81649c (webtiles) character file.

Game seed: 7125877802975415988

46 bnorton916 the Conjurer (level 3, -1/19 HPs)
             Began as a Deep Elf Conjurer on Sept 13, 2021.
             Frozen to death by an endoplasm (2 damage)
             ... on level 3 of the Dungeon.
             The game lasted 00:01:48 (2255 turns).

bnorton916 the Conjurer (Deep Elf Conjurer)         Turns: 2255, Time: 00:01:49

Health: -1/19      AC:  2    Str:  4    XL:     3   Next: 46%
Magic:  8/10       EV: 12    Int: 23    God:
Gold:   90         SH:  0    Dex: 13    Spells: 7/10 levels left

rFire    . . .     SeeInvis .   (no weapon)
rCold    . . .     Faith    .   (no shield)
rNeg     . . .     Spirit   .   a - +0 robe
rPois    .         Reflect  .   (no helmet)
rElec    .         Harm     .   (no cloak)
rCorr    .         Rampage  .   (no gloves)
Will     .....                  (no boots)
Stlth    ++........             (no amulet)
HPRegen  0.06/turn              (no ring)
MPRegen  0.12/turn              (no ring)

@: no status effects
A: no striking features
a: no special abilities


You were on level 3 of the Dungeon.
You visited 1 branch of the dungeon, and saw 3 of its levels.

You collected 90 gold pieces.

Inventory:

Armour
 a - a +0 robe (worn)
Magical Staves
 c - a staff of earth
Scrolls
 b - 3 scrolls of identify {unknown}
 d - a scroll of blinking {unknown}
 g - a scroll of fog {unknown}
 h - a scroll of teleportation {unknown}
 i - a scroll of summoning {unknown}
Potions
 e - 2 potions of haste {unknown}
 f - a potion of cancellation {unknown}
 j - a potion of flight {unknown}


   Skills:
 - Level 2.4 Dodging
 - Level 2.4 Stealth
 + Level 4.3 Spellcasting
 + Level 5.1 Conjurations


You had 7 spell levels left.
You knew the following spells:

 Your Spells              Type           Power      Damage    Failure   Level
a - Magic Dart            Conj           100%       1d8       1%          1
b - Searing Ray           Conj           56%        3d5       1%          2

Your spell library contained the following spells:

 Spells                   Type           Power      Damage    Failure   Level
 Freeze                   Ice            20%        1d4       10%         1
 Dazzling Flash           Conj/Hex       32%        N/A       11%         3
 Frozen Ramparts          Ice            10%        1d3       30%         3
 Fulminant Prism          Conj/Hex       8%         3d7       34%         4
 Hailstorm                Conj/Ice       16%        3d6       34%         4
 Iskenderun's Mystic Bla  Conj/Tloc      16%        2d5       34%         4


Dungeon Overview and Level Annotations

Branches:
Dungeon (3/15)

Altars:


Message History

(Press . to maintain the ray.) Unknown command.
You climb upwards.
There is a stone staircase leading down here.
You start resting.
Magic restored.
You start waiting.
Done waiting.
You start waiting.
Done waiting.
You climb downwards.
The orc hits you with a +0 flail. The orc hits you with a +0 flail!
* * * LOW HITPOINT WARNING * * *
There is a stone staircase leading up here.
Unknown command.
Casting: Searing Ray (safe; 1% risk of failure)
Confirm with . or Enter, or press ? or * to list all spells.
Aiming: Searing Ray (safe; 1% risk of failure)
Press: ? - help, Shift-Dir - straight line, f - orc
Aim: an orc, wielding a +0 flail and wearing a +0 ring mail (82% to hit)
The searing ray hits the orc.
The orc is heavily wounded. (Press . to maintain the ray.)
The orc hits you with a +0 flail.
* * * LOW HITPOINT WARNING * * *
The searing ray hits the orc!
You kill the orc!
The endoplasm freezes you.
You are frozen.
* * * LOW HITPOINT WARNING * * *
Unknown command.
Things that are here:
a +0 flail; a +0 ring mail
Found a stone staircase leading up.
A giant cockroach comes into view.
There is an escape hatch in the ceiling here.
The giant cockroach waves its antennae.
The endoplasm freezes you.
You are frozen.
You die...

. ..#. ?# # #.#.#.#.#
.# ##.#.#.#.##.
......)....
...)...#.รท#
.......#..# #
...$[)..[.#######.#..#
.......<.....J@...B...
..#####.)........#####
+..........+
#..........#
############


You could see an endoplasm and a giant cockroach.

Vanquished Creatures
  2 dart slugs (D:1)
  4 orcs (D:3)
  4 ball pythons
  5 bats
  4 endoplasms
  5 goblins
  3 hobgoblins
  2 kobolds (D:1)
  A quokka (D:1)
  A frilled lizard (D:1)
  4 rats (D:1)
35 creatures vanquished.

Notes
Turn   | Place    | Note
-------+----------+-------------------------------------------
     0 | D:1      | bnorton916 the Deep Elf Conjurer began the quest for the
                  | Orb.
     0 | D:1      | Reached XP level 1. HP: 10/10 MP: 6/6
   210 | D:1      | Reached XP level 2. HP: 15/15 MP: 5/8
   213 | D:1      | Learned a level 2 spell: Searing Ray
  1187 | D:2      | Reached XP level 3. HP: 19/19 MP: 7/10
  1240 | D:2      | Reached skill level 5 in Conjurations
  2255 | D:3      | Frozen to death by an endoplasm

Illustrated notes

Levels and vault maps discovered:
D:1:      nzn_arrival_depleted_hourglass, layout_basic, corexii_leaking_fountain
D:2:      layout_basic, hangedman_decor_slide_cut, kennysheep_nondescript
D:3:      layout_basic, grunt_gozag_statues, nicolae_overflow_hidden_temple,
          elyvilon_altar_5, serial_shops, nicolae_shop_window_shopping,
          kennysheep_generic_room_15

Skill      XL: |  1  2  3 |
---------------+----------+-----
Spellcasting   | 4 |  4.3
Conjurations   | 5 |  5.1
Dodging        | |  2.4
Stealth        | |  2.4

Action                   || total
-------------------------++-------
 Cast: Magic Dart        ||    48
       Searing Ray       ||     6
Armor: Robe              ||     1
Dodge: Dodged            ||     2
